 Dungeon Crawl Stone Soup version 0.27-a0-1196-g3e9cee4cb2 (webtiles) character file.

Game seed: 16293541994498684334

8883 wakim the Thaumaturge (level 11, -7/81 HPs)
             Began as a Djinni Conjurer on May 27, 2021.
             Was an Elder of Makhleb.
             Mangled by a two-headed ogre
             ... wielding a +0 giant club
              (27 damage)
             ... on level 10 of the Dungeon.
             The game lasted 00:32:18 (9242 turns).

wakim the Thaumaturge (Djinni Conjurer)             Turns: 9242, Time: 00:32:18

Health: -7/81      AC:  5    Str:  9    XL:     11   Next: 64%
Gold:   442        EV: 14    Int: 24    God:    Makhleb [****..] SH:  5 Dex: 11

rFire    + + .     SeeInvis +   b - staff of conjuration
rCold    . . .     Faith    .   h - +1 buckler {rC+}
rNeg     . . .     Spirit   .   l - +0 robe
rPois    ∞         Reflect  .   (no helmet)
rElec    .         Harm     .   j - +0 cloak {rCorr}
rCorr    +         Rampage  .   e - +1 pair of gloves {Str+3}
Will     +....                  (boots unavailable)
Stlth    ++........             z - amulet of regeneration
HPRegen  1.23/turn              s - ring of see invisible
MPRegen  0.00/turn              t - +4 ring of slaying

@: flying
A: sickness immunity, fire resistance 2, cold vulnerability 1, float, innate
caster, hp casting, extra vitality 1
a: Renounce Religion, Minor Destruction, Lesser Servant of Makhleb, Major
Destruction


You were on level 10 of the Dungeon.
You worshipped Makhleb.
Makhleb was greatly pleased with you.
You visited 2 branches of the dungeon, and saw 11 of its levels.

You collected 511 gold pieces.
You spent 69 gold pieces at shops.

Inventory:

Hand Weapons
 a - a +0 vampiric long sword
 i - a +2 morningstar of holy wrath
Missiles
 d - 4 throwing nets {=f!f}
 m - a curare-tipped dart {=f}
Armour
 e - a +1 pair of gloves of strength (worn)
 h - a +1 buckler of cold resistance (worn)
 j - a +0 cloak of preservation (worn)
 l - a +0 robe (worn)
Magical Staves
 b - a staff of conjuration (weapon)
Jewellery
 c - the amulet of Pabror {rPois rF+ rC- Will+ Regen+}
   (You acquired it on level 2 of the Dungeon)

   [amulet of regeneration]

   It protects you from fire.
   It makes you vulnerable to cold.
   It protects you from poison.
   It increases your rate of health regeneration.
   It increases your willpower.
 f - a ring of wizardry
 k - an amulet of faith
 q - a +6 ring of dexterity
 s - a ring of see invisible (left hand)
 t - a +4 ring of slaying (right hand)
 z - an amulet of regeneration (around neck)
Wands
 u - a wand of mindburst (9)
 v - a wand of flame (11)
 w - a wand of acid (5)
 x - a wand of iceblast (11)
 y - a wand of paralysis (12)
Scrolls
 g - 3 scrolls of enchant armour
 n - 3 scrolls of enchant weapon
 r - a scroll of identify
 R - a scroll of magic mapping {!r}
 T - 4 scrolls of teleportation
 V - a scroll of vulnerability {!r!r}
 W - a scroll of holy word
 X - 2 scrolls of fog
Potions
 o - a potion of brilliance {unknown}
 p - a potion of ambrosia {unknown}
 B - a potion of attraction {!q}
 E - a potion of cancellation
 F - 2 potions of curing
 H - a potion of haste
 J - 3 potions of heal wounds
 L - a potion of lignification {!q}
 N - a potion of might
 O - 2 potions of resistance


   Skills:
 + Level 8.2 Fighting
 + Level 3.8 Staves
 - Level 6.0 Dodging
 - Level 1.5 Stealth
 - Level 4.0 Shields
 * Level 9.7 Spellcasting
 - Level 4.0 Invocations
 - Level 4.0 Evocations


You had 2 spell levels left.
You knew the following spells:

 Your Spells              Type           Power      Damage    Failure   Level
a - Magic Dart            Conj           100%       1d8       1%          1
b - Dazzling Flash        Conj/Hex       100%       N/A       1%          3
c - Pain                  Necr           100%       1d9       1%          1
d - Ensorcelled Hibernat  Hex/Ice        100%       N/A       1%          2
e - Confusing Touch       Hex            55%        N/A       1%          3
f - Teleport Other        Tloc           55%        N/A       1%          3
g - Petrify               Tmut/Erth      55%        N/A       1%          4
s - Searing Ray           Conj           100%       3d7       1%          2
x - Iskenderun's Mystic   Conj/Tloc      72%        2d15      1%          4
z - Fulminant Prism       Conj/Hex       36%        3d18      1%          4
Your spell library was empty.

Dungeon Overview and Level Annotations

Branches:
Dungeon (10/15)            Temple (1/1) D:4            Lair (0/6) D:9
    Orc: D:9-12

Altars:
Ashenzari
Cheibriados
Dithmenos
Elyvilon
Fedhas
Gozag
Hepliaklqana
Kikubaaqudgha
Makhleb
Nemelex Xobeh
Okawaru
Qazlal
Ru
Sif Muna
Trog
Uskayaw
Vehumet
Wu Jian
Xom
Yredelemnul
Zin
The Shining One

Shops:
D:2 *

Annotations:
D:9 dig


Innate Abilities, Weirdness & Mutations

You are immune to sickness and miasma.
You are immune to poison.
Your flesh is very heat resistant. (rF++)
You are vulnerable to cold. (rC-)
You float through the air rather than walking.
You learn spells naturally, not from books.
Your magical power is your life essence.
You have superior vitality. (+4 HP)


Message History

The mystic blast hits the meliai!!
You kill the meliai!
Makhleb accepts your kill.
You feel better.
* * * LOW HITPOINT WARNING * * *
You hear two shouts!
Training target 4.0 for Shields reached!
Your Shields skill increases to level 4!
An unseen horror comes into view.
A boulder beetle comes into view.
There is an open door here.
A two-headed ogre comes into view.
It is wielding a +0 giant club and a +0 dire flail.
You block the unseen horror's attack. The unseen horror misses you.
The unseen horror hits you.
* * * LOW HITPOINT WARNING * * *
Casting: Iskenderun's Mystic Blast (mildly dangerous; 1% risk of failure)
Confirm with . or Enter, or press ? or * to list all spells.
Aiming: Searing Ray (safe; 1% risk of failure)
Press: ? - help, Shift-Dir - straight line, f - unseen horror
Aim: an unseen horror (slightly transparent, 83% to hit)
You feel a surge of power!
The searing ray hits the unseen horror!
The unseen horror is moderately wounded.
The searing ray hits the two-headed ogre.
The two-headed ogre is lightly wounded. (Press . to maintain the ray.)
* * * LOW HITPOINT WARNING * * *
You block the unseen horror's attack. The unseen horror hits you.
* * * LOW HITPOINT WARNING * * *
Casting: Searing Ray (safe; 1% risk of failure)
Confirm with . or Enter, or press ? or * to list all spells.
You feel a surge of power!
You erupt in a blast of force!
The mystic blast hits the unseen horror!!
The unseen horror is almost dead.
The unseen horror is knocked back by the mystic blast.
The mystic blast hits the two-headed ogre!
The two-headed ogre is moderately wounded.
* * * LOW HITPOINT WARNING * * *
The two-headed ogre hits you with a +0 giant club!!
You die...

#...#####..![$..#+###...##....
#.......+...$.......#...#....)
#.......#......8....#...#.....
#.......#.8....)..$.#...#.....
########...#...#'#######...#.####
.......#...#. #...........#.....
######.#...# #x..........#....#
#.#...# #.O.........####.#
#.#...#####@..######'## #.#
#.#...........# #.# #.>
#.+...........# #.# #..
###...........# #.#####.(
############# #........ ##(......
#....... #......# #......#


You could see a two-headed ogre and an unseen horror (invisible).

Vanquished Creatures
  A two-headed ogre (D:10)
  2 ugly things (D:8)
  Maurice (D:9)
  A meliai (D:10)
  A troll (D:9)
  Sigmund (D:2)
  A shadow (D:10)
  3 steam dragons
  7 yaks (D:10)
  Menkaure (D:6)
  A vampire mosquito (D:10)
  An acid dragon (D:8)
  5 water moccasins
  A sky beast (D:8)
  An ice beast (D:6)
  2 orc warriors
  3 black bears
  2 hornet zombies
  2 ogres (D:5)
  7 necrophages
  3 centaurs
  A phantom (D:7)
  3 kobold brigands
  2 bullfrogs
  2 scorpions
  2 wyvern zombies
  A water moccasin zombie (D:5)
  A wyvern skeleton (D:7)
  4 water moccasin skeletons
  8 killer bees
  4 wights (D:10)
  5 howler monkeys
  3 centaur zombies
  A gnoll shaman (D:6)
  A hound (D:4)
  A jelly (D:6)
  An orc priest (D:7)
  Crazy Yiuf (D:6)
  2 bullfrog skeletons
  An iguana (D:6)
  2 orc wizards
  2 killer bee zombies (D:8)
  A howler monkey zombie (D:8)
  10 gnolls
  10 adders
  2 shadow imps
  A white imp (D:7)
  2 worms
  A dart slug (D:1)
  15 orcs
  6 ball pythons
  13 endoplasms
  6 giant cockroaches
  9 hobgoblins
  15 jackals
  3 quokkas
  7 bats
  6 frilled lizards
  2 goblins
  21 kobolds
  4 rats
229 creatures vanquished.

Vanquished Creatures (others)
  8 fulminant prisms
  10 plants (D:5)
18 creatures vanquished.

Grand Total: 247 creatures vanquished

Notes
Turn   | Place    | Note
-------+----------+-------------------------------------------
     0 | D:1      | wakim the Djinni Conjurer began the quest for the Orb.
     0 | D:1      | Reached XP level 1. HP: 15/15 MP: 0/0
   135 | D:1      | Reached XP level 2. HP: 17/22 MP: 0/0
   471 | D:1      | Reached skill level 1 in Fighting
   603 | D:1      | Reached XP level 3. HP: 16/27 MP: 0/0
   603 | D:1      | Learned a level 1 spell: Pain
   917 | D:1      | You are sucked into a shaft and drop 1 floor!
  1439 | D:2      | Found a hazy altar of Hepliaklqana.
  1483 | D:2      | Found Nanik's Assorted Antiques.
  1491 | D:2      | Noticed Sigmund
  1504 | D:2      | Killed Sigmund
  1505 | D:2      | Reached skill level 4 in Spellcasting
  1505 | D:2      | Reached XP level 4. HP: 7/34 MP: 0/0
  1505 | D:2      | Reached XP level 5. HP: 9/40 MP: 0/0
  1505 | D:2      | Learned a level 2 spell: Ensorcelled Hibernation
  1505 | D:2      | Reached XP level 6. HP: 10/45 MP: 0/0
  1758 | D:2      | Bought a scroll labelled AKESME COERIT for 23 gold pieces
  1758 | D:2      | Bought a scroll labelled BUUCWA ANKA for 23 gold pieces
  1758 | D:2      | Bought a scroll labelled NAOSUE ZUFOI for 23 gold pieces
  1797 | D:2      | Acquired the amulet of Pabror {rPois rF+ rC- Will+ Regen+}
  2223 | D:2      | Reached skill level 5 in Spellcasting
  3526 | D:4      | Found a staircase to the Ecumenical Temple.
  3532 | Temple   | Entered the Ecumenical Temple
  3664 | Temple   | Became a worshipper of Makhleb the Destroyer
  3694 | D:4      | Noticed a necrophage
  3699 | D:4      | Killed a necrophage
  3700 | D:4      | Reached XP level 7. HP: 50/50 MP: 0/0
  3700 | D:4      | Learned a level 3 spell: Confusing Touch
  3841 | D:4      | Noticed a water moccasin
  3854 | D:4      | Killed a water moccasin
  4196 | D:5      | Entered Level 5 of the Dungeon
  4203 | D:5      | Reached XP level 8. HP: 51/58 MP: 0/0
  4207 | D:5      | Reached skill level 6 in Spellcasting
  4252 | D:5      | Reached skill level 5 in Dodging
  4265 | D:5      | Reached * piety under Makhleb
  4582 | D:5      | Found a blossoming altar of Fedhas.
  4599 | D:5      | Reached XP level 9. HP: 46/64 MP: 0/0
  4599 | D:5      | Learned a level 3 spell: Teleport Other
  4600 | D:5      | Reached skill level 5 in Fighting
  4610 | D:5      | Reached skill level 7 in Spellcasting
  4738 | D:5      | Found a shimmering altar of Xom.
  4826 | D:6      | Noticed Menkaure
  4873 | D:6      | Killed Menkaure
  5085 | D:6      | Found a runed translucent door.
  5086 | D:6      | Noticed Crazy Yiuf
  5091 | D:6      | Killed Crazy Yiuf
  5163 | D:6      | Reached skill level 8 in Spellcasting
  5182 | D:6      | Reached ** piety under Makhleb
  5578 | D:7      | Found an ornate altar of the Wu Jian Council.
  5656 | D:7      | Reached XP level 10. HP: 73/73 MP: 0/0
  5791 | D:7      | Reached skill level 1 in Evocations
  5970 | D:7      | Reached skill level 1 in Staves
  5970 | D:7      | Reached skill level 1 in Invocations
  6119 | D:7      | Found a basalt altar of Yredelemnul.
  6128 | D:7      | Found a sparkling altar of Nemelex Xobeh.
  6592 | D:8      | Reached *** piety under Makhleb
  6592 | D:8      | Noticed a white ugly thing
  6610 | D:8      | Killed a white ugly thing
  6816 | D:8      | Noticed a purple ugly thing
  6818 | D:8      | Reached skill level 9 in Spellcasting
  6824 | D:8      | Killed a purple ugly thing
  7567 | D:9      | Reached XP level 11. HP: 75/79 MP: 0/0
  7567 | D:9      | Learned a level 4 spell: Petrify
  7571 | D:9      | Acquired a +1 buckler of cold resistance
  7625 | D:9      | Noticed Maurice
  7643 | D:9      | Killed Maurice
  7644 | D:9      | Reached skill level 1 in Shields
  8181 | D:9      | Found a staircase to the Lair.
  8492 | D:10     | Entered Level 10 of the Dungeon
  8675 | D:10     | Noticed a two-headed ogre
  8727 | D:10     | Killed a two-headed ogre
  8898 | D:10     | Reached **** piety under Makhleb
  9070 | D:10     | Found a sacrificial altar of Ru.
  9236 | D:10     | Noticed a boulder beetle
  9237 | D:10     | Noticed a two-headed ogre
  9242 | D:10     | Mangled by a two-headed ogre

Illustrated notes

Levels and vault maps discovered:
D:1:      dpeg_arrival_stone_temple_mockup, layout_loops_ring
D:2:      minmay_wonky_spiral, layout_basic, serial_shops, shop, basic_altar,
          kennysheep_path_1, minmay_small_reverse_x, uniq_sigmund
D:3:      layout_loops_ring, nrook_mini_vaults
D:4:      layout_cave_pools, minmay_temple_entry_arrows
D:5:      layout_rooms, fedhas_altar_decomposition, general_overflow_altar
D:6:      layout_rooms, minivault_1, nrook_mini_backslash,
          uniq_crazy_yiuf_cottage, uniq_menkaure
D:7:      layout_basic, pdpol_wu_jian_five_deadly_venoms,
          minmay_overflow_temple_star_quad
D:8:      layout_gridville, minmay_starry_boxes
D:9:      layout_roguey, lair_entry_dummy, due_unseen_surprise, uniq_maurice
D:10:     kennysheep_blocky_room, layout_basic, kennysheep_little_box,
          serial_curves, eino_curves_02, eino_curves_02
Temple:   regret_index_temple_waves

Skill      XL: |  1  2  3  4  5  6  7  8  9 10 11 |
---------------+----------------------------------+-----
Fighting       | 1 2 3 4 6 7 8 |  8.2
Spellcasting   | 4 5 6 8 9 |  9.7
Dodging        | 4 6 |  6.0
Evocations     | 4 |  4.0
Staves         | 2 3 |  3.8
Invocations    | 2 4 |  4.0
Shields        | 4 |  4.0
Stealth        | |  1.5

Action                   |  1- 3 |  4- 6 |  7- 9 | 10-12 || total
-------------------------+-------+-------+-------+-------++-------
Melee: Staff             |       |       |       |     2 ||     2
 Cast: Magic Dart        |    48 |    24 |     8 |     8 ||    88
       Searing Ray       |     9 |    25 |    52 |    57 ||   143
       Iskenderun's Myst |       |       |    12 |    20 ||    32
       Fulminant Prism   |       |       |     7 |     1 ||     8
  Use: Potion            |     1 |       |       |       ||     1
       Scroll            |       |     7 |     5 |    10 ||    22
Armor: Robe              |     3 |     3 |     9 |    16 ||    31
Dodge: Dodged            |    17 |     7 |    27 |    51 ||   102
Block: Buckler           |       |       |       |     6 ||     6
       Rpst.: Long sword |       |       |     2 |       ||     2

Table legend: (Time is in decaauts)
 A = Elapsed time spent in this place.
 B = Non-inter-level travel time spent in this place.
 C = Inter-level travel time spent in this place.
 D = Time resting spent in this place.
 E = Time spent auto-exploring this place.
 F = Levels seen in this place.
 G = Mean time per level.
                   A        B        C        D        E       F      G
               +--------+--------+--------+--------+--------+-----+--------+
         Total |   9240 |   8994 |    246 |      0 |   7637 |  11 |  840.0 |
       Dungeon |   9092 |   8860 |    232 |      0 |   7627 |  10 |  909.2 |
        Temple |    147 |    133 |     14 |      0 |     10 |   1 |  147.0 |
               +--------+--------+--------+--------+--------+-----+--------+

Top non-repeatable levels by time:
     D:2: 1488 daAuts
     D:1: 1280 daAuts
     D:8: 1087 daAuts
     D:7: 1044 daAuts
     D:9: 967 daAuts
    D:10: 749 daAuts
     D:3: 739 daAuts
     D:6: 596 daAuts
     D:5: 573 daAuts
     D:4: 563 daAuts
  Temple: 147 daAuts
